 Dungeon Crawl Stone Soup version 0.28.0 (webtiles) character file.

Game seed: 3201937651636977752

360 Lambsauce the Skirmisher (level 6, -1/55 HPs)
             Began as a Minotaur Berserker on Feb 11, 2022.
             Was a Believer of Trog.
             Succumbed to a water moccasin's poison
             ... on level 4 of the Dungeon.
             The game lasted 00:32:04 (4890 turns).

Lambsauce the Skirmisher (Minotaur Berserker)       Turns: 4890, Time: 00:32:04

Health: -1/55      AC:  5    Str: 22    XL:     6   Next: 38%
Magic:  5/5        EV: 12    Int:  4    God:    Trog [**....]
Gold:   128        SH:  0    Dex: 11    Spells: 5/5 levels left

rFire   . . .      SeeInvis .   m - +0 rapier
rCold   . . .      Faith    .   (no shield)
rNeg    . . .      Spirit   .   j - +0 leather armour
rPois   .          Reflect  .   (helmet restricted)
rElec   .          Harm     .   g - +0 cloak
rCorr   .          Rampage  .   (no gloves)
Will    .....                   n - +0 pair of boots
Stlth   +.........              (no amulet)
HPRegen 0.18/turn               (no ring)
MPRegen 0.09/turn               (no ring)

@: lethally poisoned (-1 -> -7)
A: horns 2, retaliatory headbutt
a: Renounce Religion, Berserk, Trog's Hand


You were on level 4 of the Dungeon.
You worshipped Trog.
Trog was pleased with you.
You visited 2 branches of the dungeon, and saw 6 of its levels.

You collected 128 gold pieces.

Inventory:

Hand Weapons
 a - a +0 hand axe
 d - a +0 dagger
 f - a +0 long sword
 h - a +0 mace
 m - a +0 rapier (weapon)
 u - a +0 shortbow
Missiles
 i - 58 arrows
Armour
 b - a +0 animal skin
 c - a +0 robe
 g - a +0 cloak (worn)
 j - a +0 leather armour (worn)
 n - a +0 pair of boots (worn)
 o - a +0 chain mail
 p - a +0 scale mail
Wands
 x - a wand of acid (2)
 A - a wand of flame (17)
Scrolls
 e - 4 scrolls of identify {unknown}
 k - 2 scrolls of enchant weapon {unknown}
 q - a scroll of magic mapping {unknown}
 t - a scroll of amnesia {unknown}
 z - a scroll of immolation {unknown}
Potions
 l - a potion of heal wounds
 r - a potion of cancellation
 s - a potion of brilliance {unknown}
 v - a potion of degeneration {unknown}
 w - a potion of curing {unknown}


   Skills:
 + Level 4.9 Fighting
 + Level 2.6 Short Blades
 + Level 0.1(1.7) Long Blades
 + Level 4.7 Axes
 + Level 0.4 Bows
 + Level 1.9 Throwing
 + Level 3.5 Armour
 + Level 3.1 Dodging
 + Level 1.7 Stealth


You had 5 spell levels left.
You didn't know any spells.
Your spell library was empty.

Dungeon Overview and Level Annotations

Branches:
Dungeon (5/15)             Temple (1/1) D:4

Altars:
Ashenzari
Cheibriados
Elyvilon
Gozag
Kikubaaqudgha
Makhleb
Nemelex Xobeh
Okawaru
Ru
Sif Muna
Uskayaw
Vehumet
Wu Jian
The Shining One


Innate Abilities, Weirdness & Mutations

You have a pair of horns on your head.
You reflexively headbutt those who attack you in melee.


Message History

You feel sick. The hound bites you. The water moccasin closely misses you.
You furiously retaliate!
You headbutt the water moccasin, but do no damage.
The hound barely misses you. You furiously retaliate!
You headbutt the hound!
You climb upwards.
You feel sick.
There is a stone staircase leading down here.
You feel sick.
You are no longer poisoned.
The water moccasin bites you. The hound barely misses you.
You furiously retaliate!
You headbutt the hound.
You kill the hound!
Trog accepts your kill.
The water moccasin bites you but does no damage.
Your Short Blades skill increases to level 2!
There is a stone staircase leading up, spattered with blood here.
You miss the water moccasin. You headbutt the water moccasin!
The water moccasin is severely wounded.
The water moccasin barely misses you.
You hit the water moccasin but do no damage.
The water moccasin is severely wounded.
The water moccasin bites you.
* * * LOW HITPOINT WARNING * * *
The water moccasin barely misses you.
You hit the water moccasin.
The water moccasin is almost dead.
The water moccasin bites you.
* * * LOW HITPOINT WARNING * * *
You are lethally poisoned!
The water moccasin poisons you!
You puncture the water moccasin!
You kill the water moccasin!
Trog accepts your kill.
* * * LOW HITPOINT WARNING * * *
You feel very sick.
You have reached level 6!
* * * LOW HITPOINT WARNING * * *
You feel sick.
* * * LOW HITPOINT WARNING * * *
You feel sick.
You die...

#.# #.#.# #.# #.#.#
#.####.#.# #.#....#.#
#.#.####.# #.#.# #.#
#.#.## #.# #....###.#
#>@....#.# ##...#.#.#
##.##)#.#
##########.##.#.#
#.)))...##.#....#
########.#####.##.#..###
.........#####.##.#..#
###............##.#..#
#.####.............#


There were no monsters in sight!

Vanquished Creatures
  A water moccasin (D:4)
  A howler monkey (D:5)
  A hound (D:4)
  A bullfrog skeleton (D:4)
  An iguana (D:4)
  A hound skeleton (D:4)
  2 adders (D:2)
  An ufetubus (D:4)
  2 worms (D:4)
  3 dart slugs
  9 orcs (D:4)
  2 ball pythons
  4 bats
  8 endoplasms
  3 giant cockroaches
  6 goblins
  6 hobgoblins
  10 kobolds
  3 quokkas
  3 frilled lizards (D:1)
  10 rats
78 creatures vanquished.

Vanquished Creatures (others)
  9 plants (D:1)
  12 withered plants (D:1)
21 creatures vanquished.

Grand Total: 99 creatures vanquished

Notes
Turn   | Place    | Note
-------+----------+-------------------------------------------
     0 | D:1      | Lambsauce the Minotaur Berserker began the quest for the
                  | Orb.
     0 | D:1      | Reached XP level 1. HP: 19/19 MP: 0/0
   273 | D:1      | Reached XP level 2. HP: 19/27 MP: 1/1
  1070 | D:1      | Found a faded altar of an unknown god.
  1864 | D:2      | Reached XP level 3. HP: 33/33 MP: 2/2
  2095 | D:2      | HP: 1/33 [poisoned by an adder]
  3263 | D:3      | Reached XP level 4. HP: 41/41 MP: 3/3
  3453 | D:3      | Reached ** piety under Trog
  3722 | D:4      | Reached skill level 1 in Stealth
  4024 | D:4      | Found a sacrificial altar of Ru.
  4132 | D:4      | Reached skill level 1 in Throwing
  4132 | D:4      | Reached XP level 5. HP: 31/47 MP: 4/4
  4240 | D:4      | Found a staircase to the Ecumenical Temple.
  4247 | Temple   | Entered the Ecumenical Temple
  4469 | D:4      | Reached skill level 1 in Short Blades
  4515 | D:4      | Found an iron altar of Okawaru.
  4863 | D:5      | Entered Level 5 of the Dungeon
  4871 | D:5      | Noticed a water moccasin
  4887 | D:4      | Killed a water moccasin
  4888 | D:4      | Reached XP level 6. HP: 4/55 MP: 5/5
  4888 | D:4      | HP: 2/55 [poisoned by a water moccasin]
  4890 | D:4      | Succumbed to a water moccasin's poison

Illustrated notes

Levels and vault maps discovered:
D:1:      lightli_arrival_statue_moat, layout_loops_ring,
          ebering_ecumenical_altar_petrified, serial_bayou_lake_a
D:2:      layout_basic, kennysheep_small_spiral, serial_bayou_lagoon_b
D:3:      layout_loops_ring
D:4:      layout_loops_ring, kennysheep_mini, hangedman_ru_absence,
          minmay_temple_entry_nine_rooms
D:5:      layout_basic, minmay_between
Temple:   nicolae_temple_hex_pool

Skill      XL: |  1  2  3  4  5 |
---------------+----------------+-----
Axes           | 4 |  4.7
Fighting       | 4 |  4.9
Stealth        | 1 |  1.7
Throwing       | 1 |  1.9
Armour         | 3 |  3.5
Short Blades   | 2 |  2.6
Dodging        | 3 |  3.1
Long Blades    | |  0.1
Bows           | |  0.4

Action                   |  1- 3 |  4- 6 || total
-------------------------+-------+-------++-------
Melee: Hand axe          |    98 |       ||    98
       Headbutt          |    21 |    10 ||    31
       Long sword        |    24 |       ||    24
       Rapier            |    14 |    61 ||    75
 Fire: Shortbow          |       |     5 ||     5
Throw: Javelin           |     5 |    20 ||    25
  Use: Potion            |     1 |     3 ||     4
 Stab: Sleeping          |     1 |     1 ||     2
Armor: Robe              |    11 |     1 ||    12
       Scale mail        |       |    25 ||    25
       Leather armour    |       |     3 ||     3
Dodge: Dodged            |    61 |    50 ||   111
